 Dungeon Crawl Stone Soup version 0.29-a0-577-gafbf2c5d25 (webtiles) character file.

Game seed: 9683113601468392810

237 Ajdolov the Grave Robber (level 5, -3/35 HPs)
             Began as a Mummy Necromancer on June 13, 2022.
             Slain by a necrophage (6 damage)
             ... on level 4 of the Dungeon.
             The game lasted 00:05:54 (3621 turns).

Ajdolov the Grave Robber (Mummy Necromancer)        Turns: 3621, Time: 00:05:55

Health: -3/35      AC:  2    Str: 11    XL:     5   Next: 77%
Magic:  12/12      EV: 12    Int: 17    God:
Gold:   197        SH:  0    Dex: 12    Spells: 6/14 levels left

rFire   x . .      SeeInvis .   f - +0 spear
rCold   + . .      Faith    .   (no shield)
rNeg    + + +      Spirit   .   a - +0 robe
rPois   ∞          Reflect  .   (no helmet)
rElec   .          Harm     .   (no cloak)
rCorr   .          Rampage  .   (no gloves)
Will    .....                   (no boots)
Stlth   ++........              (no amulet)
HPRegen 0.11/turn               (no ring)
MPRegen 0.13/turn               (no ring)

@: no status effects
A: cold resistance 1, negative energy resistance 3, torment resistance 2, heat
vulnerability 1, in touch with death 1, no potions
a: no special abilities


You were on level 4 of the Dungeon.
You visited 1 branch of the dungeon, and saw 4 of its levels.

You collected 197 gold pieces.

Inventory:

Hand Weapons
 f - a +0 spear (weapon)
Armour
 a - a +0 robe (worn)
Scrolls
 b - a scroll of enchant armour {unknown}
 c - a scroll of fog {unknown}
 d - a scroll of noise {unknown}
 e - 5 scrolls of identify {unknown}
 g - a scroll of blinking {unknown}


   Skills:
 - Level 1.5 Dodging
 - Level 1.5 Stealth
 - Level 5.0 Spellcasting
 + Level 6.1 Necromancy


You had 6 spell levels left.
You knew the following spells:

 Your Spells              Type           Power      Damage    Failure   Level
a - Necrotize             Necr           100%       1d9       1%          1
b - Animate Dead          Necr           37%        N/A       11%         4
c - Vampiric Draining     Necr           37%        2d8       3%          3

Your spell library contained the following spells:

 Spells                   Type           Power      Damage    Failure   Level
 Agony                    Necr           37%        N/A       30%         5


Dungeon Overview and Level Annotations

Branches:
Dungeon (4/15)
 Temple: D:4-7

Altars:
Elyvilon


Innate Abilities, Weirdness & Mutations

You are immune to poison.
Your flesh is cold resistant. (rC+)
You are immune to negative energy. (rN+++)
You are immune to unholy pain and torment.
You are vulnerable to heat. (rF-)
You are in touch with the powers of death.
You do not drink.


Message History

The necrophage barely misses your goblin skeleton.
You closely miss the necrophage.
The necrophage is severely damaged.
Your goblin skeleton misses the necrophage.
The necrophage hits you.
* * * LOW HITPOINT WARNING * * *
You hit the necrophage.
The necrophage is severely damaged.
Your hobgoblin skeleton hits the necrophage.
Your goblin skeleton closely misses the necrophage.
The necrophage closely misses you.
Unknown command.
What are your orders? t - Shout!
Orders for allies: a - Attack new target. p - Attack previous target. r - Retreat! s - Stop attacking. g - Guard the area. f - Follow me.
Anything else - Cancel.
Gang up on whom?
Press: ? - help, Dir - move target, f/p - necrophage
Aim: a necrophage (severely damaged, ally target) Attack!
Your hobgoblin skeleton hits the necrophage but does no damage.
The necrophage barely misses you.
Your goblin skeleton closely misses the necrophage.
You hit the necrophage.
The necrophage is almost destroyed.
Your hobgoblin skeleton crumbles into dust!
The necrophage barely misses you.
Your goblin skeleton hits the necrophage.
Unknown command.
You hit the necrophage.
The necrophage is almost destroyed.
The necrophage closely misses you.
Your goblin skeleton misses the necrophage.
Unknown command.
You hit the necrophage.
The necrophage is almost destroyed.
The necrophage hits you.
You die...

#.##.....P.Z #.#.## #...#
..... #.Z... #...#
#..##.#...##
###...#+##.....##....
#....[....#.#####.###
#...!.....+....##....
#!.....$..####.######
######..[..(....# #.# #
...^...Zn@......# #.######
......)###+#....###...#...
....... #.#.....####.#.##
....†.$ #.#..........#.##
....... #>#...PP.....8...
....... #.....P........##
####### ##...♣♣..........
#...PP.........#
######.>....######...


You could see a necrophage (ally target) and a friendly goblin skeleton.

Vanquished Creatures
  A hound (D:4)
  2 orc wizards (D:3)
  A scorpion zombie (D:4)
  A howler monkey zombie (D:4)
  4 gnolls
  2 adders
  An adder zombie (D:4)
  A dart slug (D:3)
  4 orcs (D:3)
  3 bats (D:1)
  8 endoplasms
  A giant cockroach (D:1)
  3 hobgoblins
  6 quokkas
  6 ball pythons
  4 frilled lizards
  6 goblins
  5 kobolds
  5 rats
64 creatures vanquished.

Vanquished Creatures (collateral kills)
  A bat (D:1)
  A ball python (D:4)
  A frilled lizard (D:1)
  A kobold (D:1)
4 creatures vanquished.

Vanquished Creatures (others)
  A hound skeleton (D:4)
  4 toadstools (D:1)
  5 withered plants (D:4)
10 creatures vanquished.

Grand Total: 78 creatures vanquished

Notes
Turn   | Place    | Note
-------+----------+-------------------------------------------
     0 | D:1      | Ajdolov the Mummy Necromancer began the quest for the Orb.
     0 | D:1      | Reached XP level 1. HP: 13/13 MP: 4/4
   214 | D:1      | Reached XP level 2. HP: 18/19 MP: 3/6
   857 | D:1      | Found a faded altar of an unknown god.
  1045 | D:2      | Gained mutation: You are in touch with the powers of death.
                  | [Mummy growth]
  1045 | D:2      | Reached XP level 3. HP: 20/24 MP: 1/8
  1366 | D:2      | Reached XP level 4. HP: 27/30 MP: 6/10
  1378 | D:2      | Learned a level 4 spell: Animate Dead
  1382 | D:2      | Learned a level 3 spell: Vampiric Draining
  2223 | D:3      | Reached skill level 5 in Spellcasting
  2372 | D:3      | Reached skill level 5 in Necromancy
  2725 | D:3      | Reached XP level 5. HP: 33/35 MP: 6/12
  3521 | D:4      | Reached skill level 6 in Necromancy
  3621 | D:4      | Slain by a necrophage

Illustrated notes

Levels and vault maps discovered:
D:1:      ldierk_water_garden, layout_basic, shapermc_ecumenical_altar_petra
D:2:      layout_basic, basic_altar
D:3:      layout_loops_ring
D:4:      layout_basic, grunt_qazlal_clouds, serial_undead, serial_undead_e,
          serial_undead_f, serial_undead_f, serial_undead_d, serial_undead_f,
          serial_undead_c, serial_undead_c, serial_undead_d, serial_park_tiny_2

Skill      XL: |  1  2  3  4  5 |
---------------+----------------+-----
Spellcasting   | 3 4 5 |  5.0
Necromancy     | 5 6 |  6.1
Dodging        | |  1.5
Stealth        | |  1.5

Action                   |  1- 3 |  4- 6 || total
-------------------------+-------+-------++-------
Melee: Dagger            |    15 |       ||    15
       Spear             |     1 |    84 ||    85
       Punch             |       |     1 ||     1
 Cast: Necrotize         |    49 |    62 ||   111
 Stab: Sleeping          |     1 |       ||     1
Armor: Robe              |     6 |    13 ||    19
Dodge: Dodged            |    23 |    66 ||    89

Table legend: (Time is in decaauts)
 A = Elapsed time spent in this place.
 B = Non-inter-level travel time spent in this place.
 C = Inter-level travel time spent in this place.
 D = Time resting spent in this place.
 E = Time spent auto-exploring this place.
 F = Levels seen in this place.
 G = Mean time per level.
                   A        B        C        D        E       F      G
               +--------+--------+--------+--------+--------+-----+--------+
         Total |   3632 |   3481 |    151 |    636 |   2177 |   4 |  908.0 |
       Dungeon |   3632 |   3481 |    151 |    636 |   2177 |   4 |  908.0 |
               +--------+--------+--------+--------+--------+-----+--------+

Top non-repeatable levels by time:
     D:1: 1137 daAuts
     D:2: 1020 daAuts
     D:3: 945 daAuts
     D:4: 529 daAuts
